 Dungeon Crawl Stone Soup version 0.23.2 (webtiles) character file.

Game seed: 8699252379089389079

122 Redear the Skirmisher (level 5, 0/47 HPs)
             Began as a Hill Orc Fighter on Apr 1, 2019.
             Slain by Grinder (4 damage)
             ... on level 3 of the Dungeon.
             The game lasted 00:03:28 (1344 turns).

Redear the Skirmisher (Hill Orc Fighter)            Turns: 1344, Time: 00:03:28

Health: 0/47       AC:  7    Str: 19    XL:     5   Next: 6%
Magic:  5/5        EV:  7    Int:  9    God:
Gold:   206        SH:  9    Dex: 10    Spells: 4/4 levels left

rFire    . . .     SeeInvis .   a - +0 war axe
rCold    . . .     Gourm    .   c - +0 shield
rNeg     . . .     Faith    .   b - +0 scale mail
rPois    .         Spirit   .   (no helmet)
rElec    .         Reflect  .   (no cloak)
rCorr    .         Harm     .   (no gloves)
MR       .....                  (no boots)
Stlth    ..........             (no amulet)
HPRegen  0.15/turn              (no ring)
MPRegen  0.09/turn              (no ring)

@: hasted, very quick
A: no striking features
a: no special abilities


You were on level 3 of the Dungeon.
You were not hungry.

You visited 1 branch of the dungeon, and saw 3 of its levels.

You collected 206 gold pieces.

Inventory:

Hand Weapons
 a - a +0 war axe (weapon)
Armour
 b - a +0 scale mail (worn)
 c - a +0 shield (worn)
 d - a +0 cloak
Scrolls
 e - 4 scrolls of identify {unknown}
 g - a scroll of enchant armour {unknown}
 i - 2 scrolls of teleportation {unknown}
 j - a scroll of fear {unknown}
 k - 2 scrolls of remove curse {unknown}
Potions
 m - a potion of haste
Comestibles
 f - 5 rations


You had 4 spell levels left.
You didn't know any spells.
Your spell library was empty.


   Skills:
 + Level 4.5 Fighting
 + Level 4.0 Axes
 + Level 4.2 Armour
 + Level 4.1 Shields

Dungeon Overview and Level Annotations

Branches:
Dungeon (3/15)

Altars:

Annotations:
D:3 Grinder

Levels and vault maps discovered:
D:1:      elethiomel_arrival_maze, layout_loops_ring
D:2:      layout_rooms, chequers_ecumenical_altar_island, uniq_terence
D:3:      layout_basic, marbit_many_paths, amethyst_overflow_temple_binary,
          uniq_grinder, uniq_crazy_yiuf_cottage, uniq_ijyb
You       could see
Grinder   and an orc.


Message History

!MASSIVE DAMAGE!
YOU LOST 12 HP!
You have now: 9/47 HP.
It was a potion of curing.
You feel better.
The leopard gecko bites you but does no damage.
Grinder hits you.
* * * LOW HITPOINT WARNING * * *
You writhe in agony.
* * * LOW HITPOINT WARNING * * *
Unknown command.
It was a potion of haste.
You feel yourself speed up. You block the leopard gecko's attack.
The orc hits you.
* * * LOW HITPOINT WARNING * * *
Grinder zaps a wand.
The puff of flame hits you.
* * * LOW HITPOINT WARNING * * *
You lost 9 HP.
You have now: 1/47 HP.
You feel better. The leopard gecko bites you.
* * * LOW HITPOINT WARNING * * *
You block the goblin's attack. The orc hits you but does no damage.
Grinder zaps a wand.
The puff of flame hits you.
* * * LOW HITPOINT WARNING * * *
You feel better.
The leopard gecko bites you but does no damage.
The goblin hits you but does no damage.
Restored 10 HP.
You have now: 12/47 HP.
You slash Grinder!
Grinder is moderately wounded.
You closely miss the leopard gecko. You miss the goblin. You hit the orc.
The orc hits you.
* * * LOW HITPOINT WARNING * * *
Grinder zaps a wand.
The puff of flame hits you!
* * * LOW HITPOINT WARNING * * *
You block the leopard gecko's attack. The goblin closely misses you.
You lost 8 HP.
You have now: 4/47 HP.
Okay, then.
You completely miss Grinder.
Grinder is moderately wounded.
You hit the leopard gecko. You hit the goblin but do no damage.
You barely miss the orc. You block the leopard gecko's attack.
The orc barely misses you. You block Grinder's attack.
Unknown command.
You closely miss Grinder.
Grinder is moderately wounded.
You barely miss the orc. You slash the goblin!
You kill the goblin!
You hit the leopard gecko.
You kill the leopard gecko!
You block the orc's attack.
Grinder says, "You look like you could use a good racking."
Grinder hits you.
You die...

Action                   |  1- 3 |  4- 6 || total
-------------------------+-------+-------++-------
Melee: War axe           |   137 |    26 ||   163
  Use: Potion            |     2 |     5 ||     7
  Eat: Chunk             |       |     2 ||     2
Armor: Scale mail        |    79 |     8 ||    87
Dodge: Dodged            |    30 |    11 ||    41
Block: Shield            |    75 |    20 ||    95

Notes
Turn   | Place    | Note
-------+----------+-------------------------------------------
     0 | D:1      | Redear the Hill Orc Fighter began the quest for the Orb.
     0 | D:1      | Reached XP level 1. HP: 19/19 MP: 1/1
   104 | D:1      | Reached skill level 3 in Axes
   104 | D:1      | Reached XP level 2. HP: 23/27 MP: 2/2
   790 | D:2      | Found a faded altar of an unknown god.
   797 | D:2      | Reached skill level 4 in Fighting
   797 | D:2      | Reached XP level 3. HP: 33/33 MP: 3/3
  1037 | D:2      | Noticed Terence
  1049 | D:2      | Killed Terence
  1049 | D:2      | Reached skill level 4 in Armour
  1049 | D:2      | Reached skill level 4 in Shields
  1049 | D:2      | Reached XP level 4. HP: 32/40 MP: 4/4
  1292 | D:3      | HP: 1/41 [orc priest/+0 mace (6)]
  1294 | D:3      | Reached skill level 4 in Axes
  1305 | D:3      | Reached XP level 5. HP: 27/47 MP: 5/5
  1328 | D:3      | Noticed Grinder
  1331 | D:3      | Paralysed by Grinder for 7 turns
  1339 | D:3      | HP: 1/47 [Grinder/wand of flame (10) (6)]
  1344 | D:3      | Slain by Grinder

Table legend:
 A = Turns spent in this place as a percentage of turns spent in the entire game.
 B = Non-inter-level travel turns spent in this place as a percentage of non-inter-level travel turns spent in the entire game.
 C = Inter-level travel turns spent in this place as a percentage of turns spent in this place.
 D = Turns resting spent in this place as a percentage of non-inter-level travel turns spent in this place.
 E = Turns spent auto-exploring this place as a percentage of non-inter-level travel turns spent in this place.
 F = Non-inter-level travel turns spent in this place divided by the number of levels of this place that you've seen.
                   A       B       C       D       E      F
               +-------+-------+-------+-------+-------+----------------------
         Total | 100.0 | 100.0 |   5.3 |   0.0 |  78.0 | 424.3
       Dungeon | 100.0 | 100.0 |   5.3 |   0.0 |  78.0 | 424.3
               +-------+-------+-------+-------+-------+----------------------

Table legend:
 A = Kills in this place as a percentage of kills in entire the game.
 B = Kills by you in this place as a percentage of kills by you in the entire game.
 C = Kills by friends in this place as a percentage of kills by friends in the entire game.
 D = Other kills in this place as a percentage of other kills in the entire game.
 E = Experience gained in this place as a percentage of experience gained in the entire game.
 F = Experience gained in this place divided by the number of levels of this place that you have seen.
                   A       B       C       D       E      F
               +-------+-------+-------+-------+-------+----------------------
         Total | 100.0 | 100.0 |   N/A |   N/A | 100.0 |  58.3
       Dungeon | 100.0 | 100.0 |   N/A |   N/A | 100.0 |  58.3
               +-------+-------+-------+-------+-------+----------------------

Vanquished Creatures
  An orc priest (D:3)
  Terence (D:2)
  2 adders (D:2)
  A dart slug (D:1)
  A leopard gecko (D:3)
  3 orcs (D:3)
  6 bats
  A giant cockroach (D:3)
  6 goblins
  6 hobgoblins
  5 kobolds
  2 quokkas (D:2)
  2 ball pythons (D:1)
  3 frilled lizards
  2 rats
42 creatures vanquished.
